 Dungeon Crawl Stone Soup version 0.24-a0-201-gf205589 (webtiles) character file.

Game seed: 17604049118799489538

16 Ivan the Skirmisher (level 2, -1/27 HPs)
             Began as a Minotaur Abyssal Knight on Mar 24, 2019.
             Was an Initiate of Lugonu.
             Killed from afar by a white imp (9 damage)
             ... with a puff of frost
             ... summoned by Natasha
             ... on level 2 of the Dungeon.
             The game lasted 00:02:10 (1394 turns).

Ivan the Skirmisher (Minotaur Abyssal Knight)       Turns: 1394, Time: 00:02:11

Health: -1/27      AC:  3    Str: 16    XL:     2   Next: 37%
Magic:  2/2        EV: 11    Int:  9    God:    Lugonu [......]
Gold:   33         SH:  0    Dex:  9    Spells: 1/1 levels left

rFire    . . .     SeeInvis .   a - +1 mace
rCold    . . .     Gourm    .   (no shield)
rNeg     . . .     Faith    .   b - +0 leather armour
rPois    .         Spirit   .   (helmet restricted)
rElec    .         Reflect  .   (no cloak)
rCorr    .         Harm     .   (no gloves)
MR       .....                  (no boots)
Stlth    +.........             (no amulet)
HPRegen  0.09/turn              (no ring)
MPRegen  0.08/turn              (no ring)

@: slowed, very slow
A: retaliatory headbutt, horns 2
a: Renounce Religion


You were on level 2 of the Dungeon.
You worshipped Lugonu.
Lugonu was noncommittal.
You were not hungry.

You visited 1 branch of the dungeon, and saw 2 of its levels.
You visited the Abyss 1 time.

You collected 33 gold pieces.

Inventory:

Hand Weapons
 a - a +1 mace (weapon)
Armour
 b - a +0 leather armour (worn)
Scrolls
 d - a scroll of immolation {unknown}
 e - a scroll of teleportation {unknown}
 i - a scroll of identify {unknown}
Potions
 f - a potion of haste {unknown}
 g - a potion of lignification {unknown}
 h - a potion of curing {unknown}
Comestibles
 c - 4 rations
 j - a chunk of flesh


   Skills:
 + Level 4.0 Fighting
 + Level 3.0 Maces & Flails
 + Level 2.8 Armour
 + Level 1.1 Dodging
 + Level 1.7 Invocations


You had one spell level left.
You didn't know any spells.
Your spell library was empty.

Dungeon Overview and Level Annotations

Branches:
Dungeon (2/15)

Altars:

Annotations:
D:2 Natasha


Innate Abilities, Weirdness & Mutations

You reflexively headbutt those who attack you in melee.
You have a pair of horns on your head.


Message History

Natasha is lightly wounded.
The bat hits you but does no damage. Natasha barely misses you.
Natasha claws you!
You hit Natasha. Your headbutt misses Natasha.
Natasha is moderately wounded.
The bat closely misses you. Natasha casts a spell at you.
You feel as though you will be slow longer.
The white imp closely misses you. Natasha misses you. You furiously retaliate!
You headbutt Natasha! You closely miss Natasha.
Natasha is almost dead.
The bat misses you. The bat hits you but does no damage. x2
The white imp gestures at you. The puff of frost hits you!
* * * LOW HITPOINT WARNING * * *
Natasha closely misses you. The bat hits you but does no damage.
The white imp gestures at you. The puff of frost hits you!
You die...

## . #. .. ♣♣.
##.#. ##
..##.... ..
........ .#
#..#.# .######
##..5##.......
#..>h@b)#
....##<.###
........##
##.###...
#.^##. ...# ##
.###


You could see Natasha, a white imp and a bat.

Vanquished Creatures
  2 dart slugs (D:1)
  A ball python (D:1)
  A giant cockroach (D:1)
  2 goblins
  2 kobolds (D:1)
  A frilled lizard (D:1)
  3 rats (D:1)
12 creatures vanquished.

Notes
Turn   | Place    | Note
-------+----------+-------------------------------------------
     0 | Abyss:1  | Ivan the Minotaur Abyssal Knight began the quest for the
                  | Orb.
     0 | Abyss:1  | Reached XP level 1. HP: 19/19 MP: 1/1
   145 | Abyss:1  | Found a corrupted altar of Lugonu.
   186 | Abyss:1  | Noticed a smoke demon
   192 | Abyss:1  | Noticed a smoke demon
   197 | D:1      | Escaped the Abyss
   853 | D:1      | Reached skill level 4 in Fighting
   853 | D:1      | Reached XP level 2. HP: 22/27 MP: 2/2
  1381 | D:2      | Noticed Natasha
  1394 | D:2      | Killed from afar by a white imp

Levels and vault maps discovered:
D:1:      onia_arrival_pyramid, layout_basic, minivault_23, nrook_mini_backslash
D:2:      layout_rooms, lemuel_round_altar, chequers_ecumenical_altar_grove,
          uniq_terence, uniq_crazy_yiuf_cottage, uniq_natasha
Abyss:1:  abyss_greek_temple

Skill      XL: |  1  2 |
---------------+-------+-----
Fighting       | 4 |  4.0
Maces & Flails | 3 |  3.0
Armour         | |  2.8
Dodging        | |  1.1
Invocations    | |  1.7

Action                   || total
-------------------------++-------
Melee: Mace              ||    28
Invok: Depart the Abyss  ||     1
  Eat: Chunk             ||     1
Armor: Leather armour    ||     9
Dodge: Dodged            ||    20

Table legend:
 A = Non-vault XP
 B = Vault XP
 C = Vault XP percentage of total XP
 D = Non-vault monster count
 E = Vault monster count
 F = Vault count percentage of total count
                 A         B        C        D         E       F
            +---------+---------+-------+---------+---------+-------
      Total |      23 |       0 |   0.0 |      12 |       0 |   0.0
            +---------+---------+-------+---------+---------+-------
        D:1 |      21 |       0 |   0.0 |      11 |       0 |   0.0
        D:2 |       2 |       0 |   0.0 |       1 |       0 |   0.0
            +---------+---------+-------+---------+---------+-------
